 Dungeon Crawl Stone Soup version 0.28-a0-768-g8c92f1e708 (webtiles) character file.

Game seed: 16630936669892596971

11 Tumi the Skirmisher (level 2, 27/27 HPs)
             Began as a Hill Orc Fighter on Oct 31, 2021.
             Quit the game on level 1 of the Dungeon.
             The game lasted 00:03:26 (426 turns).

Tumi the Skirmisher (Hill Orc Fighter)               Turns: 426, Time: 00:03:27

Health: 27/27      AC:  6    Str: 18    XL:     2   Next: 29%
Magic:  2/2        EV:  9    Int:  8    God:
Gold:   8          SH:  4    Dex: 10    Spells: 1/1 levels left

rFire   . . .      SeeInvis .   a - +0 war axe
rCold   . . .      Faith    .   c - +0 buckler
rNeg    . . .      Spirit   .   b - +0 scale mail
rPois   .          Reflect  .   (no helmet)
rElec   .          Harm     .   (no cloak)
rCorr   .          Rampage  .   (no gloves)
Will    .....                   (no boots)
Stlth   ..........              (no amulet)
HPRegen 0.09/turn               (no ring)
MPRegen 0.08/turn               (no ring)

@: no status effects
A: no striking features
a: no special abilities


You were on level 1 of the Dungeon.
You visited 1 branch of the dungeon, and saw 1 of its levels.

You collected 8 gold pieces.

Inventory:

Hand Weapons
 a - a +0 war axe (weapon)
Armour
 b - a +0 scale mail (worn)
 c - a +0 buckler (worn)
Scrolls
 e - a scroll of amnesia {unknown}
Potions
 d - a potion of might
 f - a potion of haste {unknown}
 g - a potion of brilliance {unknown}


   Skills:
 + Level 4.0 Fighting
 + Level 2.7 Axes
 + Level 3.4 Armour
 + Level 3.5 Shields


You had one spell level left.
You didn't know any spells.
Your spell library was empty.

Dungeon Overview and Level Annotations

Branches:
Dungeon (1/15)

Altars:


Message History

You have reached level 2!
You open the door.
Found a stone staircase leading down.
There is an open door here.
There is a stone staircase leading down here.
You open the door. 2 rats come into view.
You closely miss the rat. The rat bites you but does no damage.
You barely miss the rat. The rat closely misses you.
You slash the rat!
You kill the rat!
You slash the rat!
You kill the rat!
Found 15 stones.
There is an open door here.
You see here a rat corpse.
You open the door.
There is an open door here.
Found a brown potion.
Found a robe and a white potion.
f - a brown potion A bat and a quokka come into view.
You block the bat's attack.
You slash the bat!
You kill the bat!
You closely miss the quokka.
The quokka bites you but does no damage.
You slash the quokka!
You kill the quokka!
You see here a +0 robe.
g - a white potion You see here 15 stones.
Unknown command.
Unknown command.
You are not religious.
You are not religious.
You are not religious.
You are not religious.
You are not religious.
Are you sure you want to abandon this character and quit the game? (Confirm with "yes".)

### #.### #...# #.#.#
#.#.#
###########.#.#####
#.@................
#....#####.##.#####
#....# #.##.#####
#....#####.#......#
....................
####+#######........#
.############...#
................#
........##.......


There were no monsters in sight!

Vanquished Creatures
  2 bats (D:1)
  An endoplasm (D:1)
  A quokka (D:1)
  A ball python (D:1)
  2 kobolds (D:1)
  5 rats (D:1)
12 creatures vanquished.

Notes
Turn   | Place    | Note
-------+----------+-------------------------------------------
     0 | D:1      | Tumi the Hill Orc Fighter began the quest for the Orb.
     0 | D:1      | Reached XP level 1. HP: 19/19 MP: 1/1
   336 | D:1      | Reached skill level 4 in Fighting
   336 | D:1      | Reached XP level 2. HP: 27/27 MP: 2/2
   426 | D:1      | Quit the game

Illustrated notes

Levels and vault maps discovered:
D:1:      dpeg_arrival_round_b, layout_basic, minmay_tetromino_i2

Skill      XL: |  1 |
---------------+----+-----
Fighting       | 4 |  4.0
Axes           | |  2.7
Armour         | |  3.4
Shields        | |  3.5

Action                   || total
-------------------------++-------
Melee: War axe           ||    24
Armor: Scale mail        ||     9
Dodge: Dodged            ||    10
Block: Buckler           ||     4

Table legend: (Time is in decaauts)
 A = Elapsed time spent in this place.
 B = Non-inter-level travel time spent in this place.
 C = Inter-level travel time spent in this place.
 D = Time resting spent in this place.
 E = Time spent auto-exploring this place.
 F = Levels seen in this place.
 G = Mean time per level.
                   A        B        C        D        E       F      G
               +--------+--------+--------+--------+--------+-----+--------+
         Total |    435 |    435 |      0 |    164 |      0 |   1 |  435.0 |
       Dungeon |    435 |    435 |      0 |    164 |      0 |   1 |  435.0 |
               +--------+--------+--------+--------+--------+-----+--------+

Top non-repeatable levels by time:
     D:1: 435 daAuts
